 Dungeon Crawl Stone Soup version 0.22-a0-601-gb0ed703 (webtiles) character file.

4381 sking99 the Grappler (level 10, -12/102 HPs)
             Began as a Troll Monk on July 6, 2018.
             Was a High Priest of Okawaru.
             Mangled by a death yak (28 damage)
             ... on level 8 of the Dungeon.
             The game lasted 00:11:41 (5701 turns).

sking99 the Grappler (Troll Monk)                   Turns: 5701, Time: 00:11:42

Health: -12/102    AC:  7    Str: 21    XL:     10   Next: 13%
Magic:  7/9        EV: 14    Int:  6    God:    Okawaru [*****.]
Gold:   369        SH:  0    Dex: 15    Spells: 9/9 levels left

rFire    . . .     SeeInvis .     - Unarmed
rCold    . . .     Gourm    +   (no shield)
rNeg     . . .     Faith    .   a - +1 robe
rPois    .         Spirit   .   (helmet restricted)
rElec    .         Reflect  .   y - +0 cloak
rCorr    .         Harm     .   (gloves unavailable)
MR       .....                  (boots unavailable)
Stlth    +++.......             (no amulet)
HPRegen  0.67/turn              (no ring)
MPRegen  0.11/turn              (no ring)

@: lethally poisoned (-12 -> -12), heroism
A: large, unfitting armour, claws 3, fast metabolism 3, gourmand, regeneration
1, shaggy fur 1, tough skin 2
a: Heroism, Finesse, Renounce Religion


You were on level 8 of the Dungeon.
You worshipped Okawaru.
Okawaru was extremely pleased with you.
You were not hungry.

You visited 2 branches of the dungeon, and saw 9 of its levels.
You also visited: Ossuary.

You collected 369 gold pieces.

Inventory:

Missiles
 h - 2 throwing nets
 z - 5 javelins (quivered)
Armour
 a - a +1 robe (worn)
 y - a +0 cloak (worn)
Jewellery
 d - a +6 ring of evasion {unknown}
 i - an uncursed ring of protection from fire {unknown}
 m - an uncursed ring of stealth {unknown}
 s - an uncursed ring of protection from magic {unknown}
 D - an uncursed ring of poison resistance {unknown}
Wands
 g - a wand of random effects (33)
Scrolls
 k - 5 scrolls of random uselessness {unknown}
 l - a scroll of noise {unknown}
 n - 4 scrolls of teleportation
 p - 2 scrolls of enchant armour
 v - a scroll of immolation {unknown}
 w - 8 scrolls of identify
 A - a scroll of magic mapping {unknown}
 E - a scroll of remove curse
 G - a scroll of silence {unknown}
Potions
 c - a potion of brilliance
 e - 4 potions of might
 f - a potion of haste {unknown}
 j - 5 potions of heal wounds
 o - 2 potions of mutation {unknown}
 q - 2 potions of magic {unknown}
 r - 6 potions of lignification {unknown}
 t - 2 potions of resistance {unknown}
 u - 4 potions of flight {unknown}
 x - 3 potions of curing {unknown}
 B - a potion of agility {unknown}
 C - 2 potions of berserk rage {unknown}
 H - a potion of invisibility {unknown}
Comestibles
 b - 19 rations


   Skills:
 + Level 7.6(12.6) Fighting
 - Level 2.4(7.4) Dodging
 - Level 1.0(6.0) Stealth
 * Level 12.1(17.1) Unarmed Combat


You had 9 spell levels left.
You didn't know any spells.
Your spell library contained the following spells:

 Spells                   Type           Power        Failure   Level  Hunger
 Summon Small Mammal      Summ           #...         45%         1    ##.....
 Summon Ice Beast         Ice/Summ       #.......     99%         4    #####..
 Call Imp                 Summ           #.......     58%         2    ###....
 Call Canine Familiar     Summ           #.......     83%         3    ####...
 Summon Lightning Spire   Summ/Air       #.......     99%         4    #####..
 Summon Guardian Golem    Hex/Summ       #.......     83%         3    ####...


Dungeon Overview and Level Annotations

Branches:
Dungeon (8/15)             Temple (1/1) D:4
   Lair: D:8-11

Altars:
Ashenzari
Cheibriados
Dithmenos
Elyvilon
Fedhas
Gozag
Hepliaklqana
Kikubaaqudgha
Makhleb
Nemelex Xobeh
Okawaru
Qazlal
Ru
Sif Muna
Trog
Uskayaw
Vehumet
Wu Jian
Xom
Yredelemnul
Zin
The Shining One
Beogh

Shops:
D:7 %:   D:8 %

Annotations:
D:6 1 exclusion


Innate Abilities, Weirdness & Mutations

You are too large for most types of armour.
You have claws for hands.
Your metabolism is lightning-fast.
You like to eat raw meat.
Your natural rate of healing is unusually fast.
You are covered in fur. (AC +1)
You have very tough skin. (AC +2)


Message History

The death yak gores you.
You barely miss the death yak.
The death yak is severely wounded.
You feel sick.
You claw the death yak!
The death yak is severely wounded.
The death yak gores you.
* * * LOW HITPOINT WARNING * * *
You completely miss the death yak.
The death yak is severely wounded.
The death yak gores you but does no damage.
You scratch the death yak.
The death yak is severely wounded.
The death yak gores you!
* * * LOW HITPOINT WARNING * * *
You claw the death yak!
The death yak is almost dead.
You gain the combat prowess of a mighty hero.
You feel sick. The death yak gores you!!
You die...

####...<####.........####....#
.............'.........÷)......##
###.......)###.........####....p#
#.##.#.#.# ##.......## ##.##.# #.
#.###.# ##.....## ####.# # ..# .#
##...## #.# .#.# .# ##'## #.#
.... .# #####.#### #.# .#
#yY@†....# #.# #r###.##.# #.# #.
..(# # yy #....


#yy ...>.. ... ........ .... ...#.... .... ..#.... You could see a death yak, a
killer bee and a quokka.

Vanquished Creatures
  2 death yaks (D:8)
  Pikel (D:8)
  Sigmund (D:2)
  A hungry ghost (D:8)
  Duvessa (D:6)
  3 orc warriors (D:6)
  An ice beast (D:3)
  A phantom (D:5)
  A centaur (D:6)
  An ogre (D:8)
  2 big kobolds (D:5)
  3 bullfrogs
  Dowan (D:6)
  A scorpion (D:7)
  4 killer bees (D:8)
  A crimson imp (D:8)
  A howler monkey (D:8)
  A quasit (D:8)
  A jelly (D:7)
  2 orc priests
  5 hounds
  6 orc wizards
  Terence (D:2)
  4 worker ants
  A killer bee zombie (D:6)
  A big kobold zombie (Ossuary)
  6 mummies (Ossuary)
  A howler monkey zombie (D:5)
  3 gnolls (D:5)
  6 adders
  4 shadow imps
  2 oozes
  3 adder skeletons
  2 worms
  3 dart slugs
  6 leopard geckos
  32 orcs
  2 ball pythons
  7 giant cockroaches
  7 goblins
  9 hobgoblins
  5 jackals
  17 kobolds
  5 quokkas
  4 bats
  A frilled lizard (D:3)
  2 gnoll zombies (Ossuary)
  2 goblin zombies (Ossuary)
  A hobgoblin zombie (Ossuary)
  A kobold zombie (Ossuary)
  An orc zombie (Ossuary)
  5 rats
185 creatures vanquished.

Notes
Turn   | Place    | Note
-------+----------+-------------------------------------------
     0 | D:1      | sking99 the Troll Monk began the quest for the Orb.
     0 | D:1      | Reached XP level 1. HP: 22/22 MP: 0/0
    58 | D:1      | Reached XP level 2. HP: 27/29 MP: 1/1
   217 | D:1      | Reached XP level 3. HP: 36/36 MP: 2/2
   467 | D:2      | Noticed Terence
   474 | D:2      | Killed Terence
   474 | D:2      | Reached skill level 4 in Unarmed Combat
   526 | D:2      | Reached XP level 4. HP: 45/45 MP: 3/3
   528 | D:2      | Noticed Sigmund
   694 | D:2      | Found an ancient bone altar of Kikubaaqudgha.
   696 | D:2      | Found a blossoming altar of Fedhas.
   752 | D:2      | Found an iron altar of Okawaru.
   754 | D:2      | Found a deep blue altar of Sif Muna.
   762 | D:2      | Became a worshipper of Warmaster Okawaru
   762 | D:2      | Reached * piety under Okawaru
   762 | D:2      | Reached ** piety under Okawaru
   929 | D:2      | Killed Sigmund
   929 | D:2      | Reached skill level 5 in Unarmed Combat
   929 | D:2      | Reached XP level 5. HP: 33/54 MP: 1/4
   929 | D:2      | Reached XP level 6. HP: 38/62 MP: 1/5
  1226 | D:3      | Noticed an ice beast
  1241 | D:3      | Killed an ice beast
  1241 | D:3      | Reached skill level 6 in Unarmed Combat
  1375 | D:3      | Found a hide-covered altar of Uskayaw.
  1441 | D:3      | Found a snail-covered altar of Cheibriados.
  1621 | D:4      | Found a white marble altar of Elyvilon.
  1875 | D:4      | Reached XP level 7. HP: 52/70 MP: 6/6
  2076 | D:4      | Found a staircase to the Ecumenical Temple.
  2100 | Temple   | Entered the Ecumenical Temple
  2396 | D:5      | Entered Level 5 of the Dungeon
  2535 | D:5      | Reached skill level 7 in Unarmed Combat
  2746 | D:5      | Reached *** piety under Okawaru
  2755 | D:5      | Found a hide-covered altar of Uskayaw.
  2790 | D:5      | Found a sand-covered staircase.
  2799 | Ossuary  | Entered an ossuary
  2893 | Ossuary  | Reached skill level 8 in Unarmed Combat
  2915 | Ossuary  | Reached skill level 5 in Fighting
  3072 | D:5      | Reached XP level 8. HP: 69/80 MP: 7/7
  3960 | D:6      | Found a runed door.
  3992 | D:6      | Reached skill level 9 in Unarmed Combat
  4046 | D:6      | Noticed Duvessa
  4046 | D:6      | Noticed Dowan
  4054 | D:6      | Killed Duvessa
  4060 | D:6      | Killed Dowan
  4587 | D:6      | Found a roughly hewn altar of Beogh.
  4653 | D:7      | Found Fehableumm's Book Shoppe.
  4864 | D:7      | Reached skill level 10 in Unarmed Combat
  4913 | D:7      | Found Aniovvy's Food Shop.
  5033 | D:7      | Reached **** piety under Okawaru
  5033 | D:7      | Reached XP level 9. HP: 69/89 MP: 8/8
  5367 | D:7      | Found a faded altar of an unknown god.
  5367 | D:7      | Found a stormy altar of Qazlal.
  5375 | D:7      | Found a shadowy altar of Dithmenos.
  5377 | D:7      | Found a faded altar of an unknown god.
  5380 | D:7      | Found a sparkling altar of Nemelex Xobeh.
  5559 | D:8      | Found Akhluutu's Food Shoppe.
  5598 | D:8      | Noticed Pikel
  5616 | D:8      | Killed Pikel
  5616 | D:8      | Reached skill level 11 in Unarmed Combat
  5658 | D:8      | Noticed a death yak
  5673 | D:8      | Killed a death yak
  5673 | D:8      | Reached ***** piety under Okawaru
  5675 | D:8      | Noticed a death yak
  5681 | D:8      | Noticed a death yak
  5686 | D:8      | Killed a death yak
  5686 | D:8      | Reached skill level 12 in Unarmed Combat
  5686 | D:8      | Reached XP level 10. HP: 54/102 MP: 7/9
  5701 | D:8      | Mangled by a death yak

Vault maps used:
D:1:      dpeg_arrival_round_c
D:2:      grunt_temple_overflow_growth_and_decay,
          chequers_temple_overflow_statue_of_worship, uniq_terence, uniq_sigmund
D:3:      old_standard_altar, eat_drink_and_be_merry_uskayaw
D:4:      elyvilon_altar_1
D:5:      cheibrodos_thug_alley, first_ration, nicolae_ossuary_entry_monument,
          basic_altar
D:6:      nicolae_whirlpool, lightli_church_of_beogh, uniq_duvessa
D:7:      chequers_temple_overflow_minitemple, serial_shops, shop, shop
D:8:      dpeg_lair_monsters, serial_shops, shop, shop_fountains, shop,
          gammafunk_ghost_necromancy, grunt_pizzeria, kennysheep_nub, uniq_pikel
Temple:   minmay_temple_bridge_abc
Ossuary:  ossuary_crypta

Skill      XL: |  1  2  3  4  5  6  7  8  9 |
---------------+----------------------------+-----
Fighting       | 3 4 5 6 7 |  7.6
Unarmed Combat | 4 5 6 8 10 12 | 12.1
Dodging        | |  2.4
Stealth        | |  1.0

Action                   |  1- 3 |  4- 6 |  7- 9 | 10-12 || total
-------------------------+-------+-------+-------+-------++-------
Melee: Unarmed           |    64 |   159 |   312 |    14 ||   549
       Punch             |       |     1 |    18 |     1 ||    20
Invok: Heroism           |       |     1 |     5 |     1 ||     7
  Use: Scroll            |       |       |    10 |       ||    10
 Stab: Sleeping          |     1 |     2 |     4 |       ||     7
  Eat: Chunk             |    10 |    13 |    36 |       ||    59
Armor: Robe              |    13 |    41 |    75 |     1 ||   130
Dodge: Dodged            |    22 |    77 |   132 |     1 ||   232

Table legend:
 A = Spawn XP
 B = Non-spawn XP
 C = Spawn XP percentage of total XP
 D = Spawn monster count
 E = Non-spawn monster count
 F = Spawn count percentage of total count
 G = Total turns spent on level
                    A         B        C        D         E        F      G
               +---------+---------+-------+---------+---------+-------+---------
         Total |       0 |    6259 |   0.0 |       0 |     185 |   0.0 |  5701
               +---------+---------+-------+---------+---------+-------+---------
           D:1 |       0 |      50 |   0.0 |       0 |      22 |   0.0 |   400
           D:2 |       0 |     339 |   0.0 |       0 |      26 |   0.0 |   697
           D:3 |       0 |     174 |   0.0 |       0 |      19 |   0.0 |   498
           D:4 |       0 |     226 |   0.0 |       0 |      12 |   0.0 |   571
           D:5 |       0 |     645 |   0.0 |       0 |      34 |   0.0 |   769
           D:6 |       0 |    1076 |   0.0 |       0 |      35 |   0.0 |  1267
           D:7 |       0 |     415 |   0.0 |       0 |      10 |   0.0 |   875
           D:8 |       0 |    3193 |   0.0 |       0 |      13 |   0.0 |   173
       Ossuary |       0 |     141 |   0.0 |       0 |      14 |   0.0 |   212
               +---------+---------+-------+---------+---------+-------+---------
